 Dungeon Crawl Stone Soup version 0.19-a0-628-g9200b3b (webtiles) character file.

1251 Leszczynek the Basher (level 8, -2/71 HPs)
             Began as an Ogre Artificer on June 13, 2016.
             Was a Priest of Pakellas.
             Killed by divine providence
             ... invoked by an orc priest
              (13 damage)
             ... on level 6 of the Dungeon.
             The game lasted 00:23:33 (7262 turns).

Leszczynek the Basher (Ogre Artificer)              Turns: 7262, Time: 00:23:34

Health: -2/71      AC:  6    Str: 18    XL:     8   Next: 51%
Magic:  3/11       EV: 10    Int: 10    God:    Pakellas [***...]
Gold:   302        SH:  0    Dex: 12    Spells: 0 memorised, 7 levels left

rFire  + . .     SeeInvis .     I - +0 flail (holy)
rCold  + . .     Gourm    .     b - +1 robe
rNeg   . . .     Faith    .     (no shield)
rPois  +         Spirit   .     (helmet restricted)
rElec  .         Dismiss  .     q - +1 cloak
rCorr  .         Reflect  .     (gloves unavailable)
SustAt .         Harm     .     (boots unavailable)
MR     .....                    y - amulet of rage
Stlth  ++........               E - ring "Heatenar" {rPois rF+}
                                C - ring of protection from cold

@: not resistant to hostile enchantments, unstealthy
A: unfitting armour, tough skin 1
a: Quick Charge, Device Surge, Renounce Religion, Evoke Berserk Rage


You were on level 6 of the Dungeon.
You worshipped Pakellas.
Pakellas was most pleased with you.
You were hungry.

You visited 1 branch of the dungeon, and saw 7 of its levels.

You collected 302 gold pieces.

Inventory:

Hand Weapons
 I - a +0 flail of holy wrath (weapon)
Missiles
 k - 7 curare-tipped needles
 m - 6 tomahawks (quivered)
 o - 4 large rocks
 x - a throwing net
Armour
 b - a +1 robe (worn)
 q - a +1 cloak (worn)
Jewellery
 y - an amulet of rage (around neck)
 C - a ring of protection from cold (left hand)
 E - the ring "Heatenar" (right hand) {rPois rF+}
   (You found it on level 4 of the Dungeon)

   [ring of poison resistance]

   It protects you from fire.
   It protects you from poison.
Wands
 a - a wand of slowing (23/48)
 c - a wand of flame (6/48)
 d - a wand of enslavement (11/24)
 e - a wand of random effects (5/48)
 n - a wand of acid (2/15)
 F - a wand of iceblast (5/15)
Scrolls
 g - 4 scrolls of identify
 h - 3 scrolls of enchant armour
 i - 2 scrolls of teleportation
 r - a scroll of remove curse
 s - 2 scrolls of recharging
 v - 2 scrolls of enchant weapon
 G - a scroll of magic mapping {unknown}
 H - 3 scrolls of amnesia {unknown}
Potions
 l - a potion of might
 w - 4 potions of curing
 A - a potion of magic
 B - 2 potions of lignification
 D - a potion of invisibility
Miscellaneous
 u - a box of beasts
Comestibles
 f - 4 bread rations
 j - 4 meat rations
 z - 4 fruits


   Skills:
 - Level 1.7 Fighting
   Level 0.5 Short Blades
 * Level 11.0 Maces & Flails
 - Level 1.7 Dodging
 - Level 2.0 Stealth
 + Level 4.4 Evocations


You had 7 spell levels left.
You didn't know any spells.

Dungeon Overview and Level Annotations

Branches:
Dungeon (7/15)             Temple (0/1) D:5

Altars:
Cheibriados
Dithmenos
Okawaru
Pakellas
Sif Muna
Uskayaw

Annotations:
D:2 exclusions: 4 doors and 2 gnolls
D:7 exclusion: 2 killer bees


Innate Abilities, Weirdness & Mutations

You are too large for most types of armour.
You have tough skin. (AC +1)


Message History

Evoke which item? (* to show all) (? for menu, Esc to quit)
Zapping:
e - a wand of random effects (7/48)
Press: ? - help, Shift-Dir - straight line, f - orc priest
Aim: an orc priest, wielding a hand axe and wearing a leather armour Nothing appears to happen.
This wand has 6 charges left.
Evoke which item? (* to show all) (? for menu, Esc to quit)
Zapping:
e - a wand of random effects (6/48)
Press: ? - help, Shift-Dir - straight line, f/p - orc priest
Aim: an orc priest, wielding a hand axe and wearing a leather armour Nothing appears to happen.
This wand has 5 charges left.
The orc priest calls down the wrath of Beogh upon you.
Beogh smites you! Something hits you!!
Unknown command.
The orc priest calls down the wrath of Beogh upon you.
Beogh smites you!
* * * LOW HITPOINT WARNING * * *
The orc priest mumbles some strange prayers to Beogh against you.
Beogh smites you!
You die...
Pakellas says: Time to find a new assistant...

######## ##.......
########## ##........
.........# ########.........
#......#####....oo..........
#..>.......@.######"........
. #.....<####### #.........
#.####.### #......... .#..
#.# ##........ ⌠.#(###.##
#...o.... #.......# .
#.####...
##.......#######... #.# #.#.
#........#......... ... #.##
#.####.........###.
#####.....


You could see an orc priest and an orc.

Vanquished Creatures
  2 phantoms
  2 centaurs
  A scorpion (D:5)
  A howler monkey (D:5)
  3 crimson imps
  A hound (D:6)
  2 jellies
  Crazy Yiuf (D:7)
  A centaur skeleton (D:4)
  2 orc priests (D:5)
  4 orc wizards
  A giant frog skeleton (D:4)
  3 iguanas
  3 worker ants
  A hound zombie (D:5)
  A worker ant zombie (D:5)
  2 gnolls (D:2)
  7 adders
  An ooze (D:2)
  An adder skeleton (D:5)
  2 worms
  4 dart slugs
  2 giant geckos
  9 orcs
  2 ball pythons
  3 giant cockroaches
  8 goblins
  9 hobgoblins
  11 jackals
  7 kobolds
  5 quokkas
  A ball python skeleton (D:4)
  5 bats
  A giant gecko zombie (D:5)
  2 giant newts
  A quokka skeleton (D:6)
  A quokka zombie (D:6)
  3 rats
116 creatures vanquished.

Vanquished Creatures (collateral kills)
  2 orcs (D:7)
  2 kobolds (D:7)
4 creatures vanquished.

Vanquished Creatures (others)
  2 jackals (D:3)
2 creatures vanquished.

Grand Total: 122 creatures vanquished

Notes
Turn   | Place    | Note
--------------------------------------------------------------
     0 | D:1      | Leszczynek the Ogre Artificer began the quest for the Orb.
     0 | D:1      | Reached XP level 1. HP: 19/19 MP: 2/2
   127 | D:1      | Reached skill level 1 in Stealth
   408 | D:1      | Reached skill level 1 in Maces & Flails
   408 | D:1      | Reached XP level 2. HP: 24/28 MP: 3/3
  1571 | D:2      | Reached XP level 3. HP: 23/35 MP: 4/4
  1723 | D:2      | Reached skill level 2 in Maces & Flails
  1878 | D:2      | Found a faded altar of an unknown god.
  2493 | D:2      | Reached skill level 3 in Maces & Flails
  2596 | D:2      | Reached XP level 4. HP: 15/42 MP: 5/5
  2841 | D:2      | Became a worshipper of Pakellas the Inventive
  2841 | D:2      | Reached * piety under Pakellas
  2841 | D:2      | Received a gift from Pakellas
  2842 | D:2      | evocations -2, ohhh boy
  2842 | D:2      | not that i need mp tho
  2965 | D:3      | Reached skill level 4 in Maces & Flails
  3379 | D:3      | Found a shadowy altar of Dithmenos.
  3474 | D:3      | Reached XP level 5. HP: 27/49 MP: 6/6
  3491 | D:3      | Reached skill level 5 in Maces & Flails
  3495 | D:3      | Reached ** piety under Pakellas
  3495 | D:3      | Received a gift from Pakellas
  3878 | D:4      | Found a snail-covered altar of Cheibriados.
  3933 | D:4      | Got a steaming lapis lazuli ring
  3949 | D:4      | Identified the ring "Heatenar" {rPois rF+} (You found it on level 4 of the Dungeon)
  4047 | D:4      | Reached skill level 6 in Maces & Flails
  4346 | D:4      | You fall through a shaft for 3 floors!
  4409 | D:7      | Noticed Crazy Yiuf
  4425 | D:7      | Killed Crazy Yiuf
  4425 | D:7      | Reached XP level 6. HP: 43/57 MP: 7/7
  4535 | D:7      | Found a deep blue altar of Sif Muna.
  4551 | D:7      | Reached skill level 7 in Maces & Flails
  4851 | D:7      | Noticed a phantom
  4897 | D:7      | Killed a phantom
  4897 | D:7      | Reached skill level 8 in Maces & Flails
  4897 | D:7      | Reached XP level 7. HP: 63/63 MP: 9/9
  5201 | D:5      | Entered Level 5 of the Dungeon
  5422 | D:5      | Found an iron altar of Okawaru.
  5546 | D:5      | Found a staircase to the Ecumenical Temple.
  5566 | D:5      | Reached skill level 9 in Maces & Flails
  5777 | D:5      | Reached *** piety under Pakellas
  5777 | D:5      | Received a gift from Pakellas
  6069 | D:5      | Reached XP level 8. HP: 66/71 MP: 10/10
  6077 | D:5      | Reached skill level 10 in Maces & Flails
  7092 | D:6      | Found a hide-covered altar of Uskayaw.
  7210 | D:6      | Reached skill level 11 in Maces & Flails
  7262 | D:6      | Killed from afar by an orc priest

Vault maps used:
D:1:      scummos_arrival_hexagon, hangedman_decor_growths
D:2:      ecumenical_altar_1
D:3:      lemuel_doored_altar
D:4:      kennysheep_slug_shrine
D:5:      lemuel_round_altar, minmay_temple_entry_trees, first_bread
D:6:      basic_altar, grunt_decor_mini_mirrors
D:7:      old_standard_altar, lemuel_round_altar, minivault_19,
          cheibrodos_ashenzari_chains, uniq_crazy_yiuf_cottage, uniq_menkaure

Skill      XL: |  1  2  3  4  5  6  7  8 |
---------------+-------------------------+-----
Stealth        | 1 2 |  2.0
Maces & Flails | 1 3 4 6 8 9 11 | 11.0
Evocations     | 3 4 |  4.4
Fighting       | |  1.7
Short Blades   | |  0.5
Dodging        | |  1.7

Action                   |  1- 3 |  4- 6 |  7- 9 || total
-------------------------+-------+-------+-------++-------
Melee: Short sword       |    72 |       |       ||    72
       Whip              |    54 |       |       ||    54
       Spear             |    14 |       |       ||    14
       Flail             |       |   140 |   219 ||   359
Throw: Stone             |    31 |     7 |    11 ||    49
       Throwing net      |     4 |       |       ||     4
Evoke: Wand              |       |    19 |    12 ||    31
  Use: Potion            |     1 |       |     1 ||     2
       Scroll            |       |    12 |     1 ||    13
 Stab: Sleeping          |     1 |     1 |     1 ||     3
       Held in net/web   |     1 |       |       ||     1
       Distracted        |       |       |     1 ||     1
  Eat: Chunk             |     5 |     4 |     7 ||    16
       Beef jerky        |       |     2 |       ||     2
       Fruit             |       |       |     1 ||     1
Armor: Robe              |    33 |    31 |    46 ||   110
Dodge: Dodged            |    59 |    82 |    92 ||   233
